cohdb
Replays
Latest Replays
All Replays
Popular Replays
Top Player Replays
Match Explorer
How It Works
Community
CoH3 Stats
Reddit
Sign in to upload your games and track your stats! →
Sign in with Steam
Match 36432756
Unlisted
Match 36432756
Overview
Messages
Build Orders
End
Kradschützen Motorcycle Team
Kradschützen Motorcycle Team
250 Light Carrier
Construct Light Support Kompanie
Assault Grenadier Squad
Selects Armored Support Battlegroup
Assault Grenadier Squad
Selects Superior Fire Drills
Construct Mechanized Kompanie
8 Rad Armored Car
DibbeTC
harald halbgar
0
0
Comments
sign in to comment!
No comments posted yet!